 Dungeon Crawl Stone Soup version 0.28-a0-518-g36894cfc38 (webtiles) character file.

Game seed: 3929737755198206421

38 GenialerGandalf the Skirmisher (level 3, -12/33 HPs)
             Began as a Hill Orc Fighter on Sept 13, 2021.
             Mangled by an ogre (14 damage)
             ... on level 1 of the Dungeon on Sept 23, 2021.
             The game lasted 00:06:16 (1057 turns).

GenialerGandalf the Skirmisher (Hill Orc Fighter)   Turns: 1057, Time: 00:06:17

Health: -12/33     AC:  6    Str: 19    XL:     3   Next: 43%
Magic:  3/3        EV:  9    Int:  8    God:
Gold:   37         SH:  4    Dex: 10    Spells: 2/2 levels left

rFire   . . .      SeeInvis .   a - +0 war axe
rCold   . . .      Faith    .   c - +0 buckler
rNeg    . . .      Spirit   .   b - +0 scale mail
rPois   .          Reflect  .   (no helmet)
rElec   .          Harm     .   (no cloak)
rCorr   .          Rampage  .   (no gloves)
Will    .....                   (no boots)
Stlth   ..........              (no amulet)
HPRegen 0.11/turn               (no ring)
MPRegen 0.08/turn               (no ring)

@: no status effects
A: no striking features
a: no special abilities


You were on level 1 of the Dungeon.
You visited 1 branch of the dungeon, and saw 2 of its levels.

You collected 37 gold pieces.

Inventory:

Hand Weapons
 a - a +0 war axe (weapon)
Missiles
 i - a throwing net (quivered)
Armour
 b - a +0 scale mail (worn)
 c - a +0 buckler (worn)
Scrolls
 e - a scroll of enchant weapon {unknown}
 g - a scroll of immolation {unknown}
 h - a scroll of identify {unknown}
Potions
 d - a potion of might
 f - a potion of attraction {unknown}


   Skills:
 + Level 3.9 Fighting
 + Level 3.6 Axes
 + Level 3.6 Armour
 + Level 0.1 Dodging
 + Level 0.1 Stealth
 + Level 3.7 Shields


You had 2 spell levels left.
You didn't know any spells.
Your spell library was empty.

Dungeon Overview and Level Annotations

Branches:
Dungeon (2/15)

Altars:

Annotations:
D:2 Jessica, Sigmund


Message History

You kill the ball python!
You miss the frilled lizard. The frilled lizard barely misses you.
You block the frilled lizard's attack. You block the frilled lizard's attack.
You see here a ball python corpse.
The frilled lizard closely misses you. 2 hobgoblins come into view.
The hobgoblin shouts! x2
The frilled lizard bites you.
You slash the frilled lizard!
You kill the frilled lizard!
An ogre comes into view. It is wielding a +0 giant club.
Sigmund the Dreaded comes into view.
He is wielding a +0 scythe.
Sigmund shouts!
You see here an adder corpse.
Sigmund casts a spell at you.
You are confused.
You hear a shout!
You're too confused to move!
Sigmund says, "I'm your fate."
The hobgoblin hits you but does no damage.
Jessica the Apprentice Sorceress comes into view.
She is wielding a +0 dagger.
You see here an adder corpse.
The hobgoblin hits you but does no damage.
Sigmund hits you from afar with a +0 scythe!
The hobgoblin misses you.
Jessica casts a spell.
Jessica seems to speed up.
The hobgoblin hits you but does no damage.
There is a stone staircase leading up here.
You feel less confused. The hobgoblin hits you.
The ogre hits you with a +0 giant club!
* * * LOW HITPOINT WARNING * * *
The hobgoblin hits you but does no damage.
You climb upwards.
There is a stone staircase leading down here.
The hobgoblin hits you.
* * * LOW HITPOINT WARNING * * *
The ogre hits you with a +0 giant club!
You die...

# #.##.# #.#
#############.##.##########.#####
'.......[.....##.#...............
###....######.##.#.########.#####
# #.........#.##.#.########.# #
###.....###.#.##.#..........# #
..'............#.#########..# #
###.....#......>.# #..# #
###.........≈..g@# #..# #
...........≈.§.Og# #).# #
#######.#.≈...≈.## #).#####
........#.≈...≈.### #.......
#######.......≈...# #.######
###..≈≈≈≈≈.≈.≈.#### #.# #..
###.§.≈....<.≈..§...## #.# ##.
#...≈≈....≈....§.≈≈..## #.# #.
#..§.......≈≈≈≈§§..§..# #.# #.


You could see an ogre and 2 hobgoblins.

Vanquished Creatures
  An adder (D:2)
  A dart slug (D:1)
  3 endoplasms
  2 goblins (D:1)
  A hobgoblin (D:1)
  4 jackals (D:1)
  3 ball pythons
  2 bats (D:1)
  2 frilled lizards
  2 kobolds (D:1)
  7 rats
28 creatures vanquished.

Notes
Turn   | Place    | Note
-------+----------+-------------------------------------------
     0 | D:1      | GenialerGandalf the Hill Orc Fighter began the quest for
                  | the Orb.
     0 | D:1      | Reached XP level 1. HP: 19/19 MP: 1/1
   236 | D:1      | Reached XP level 2. HP: 17/27 MP: 2/2
   286 | D:1      | Upgraded the game from 0.28-a0-445-g51f8dfeb47 to
                  | 0.28-a0-518-g36894cfc38
   814 | D:1      | Reached XP level 3. HP: 28/33 MP: 3/3
  1046 | D:2      | Noticed an ogre
  1047 | D:2      | Noticed Sigmund
  1052 | D:2      | Noticed Jessica
  1057 | D:1      | Mangled by an ogre

Illustrated notes

Levels and vault maps discovered:
D:1:      ebering_trefoil_3fold, layout_basic, hangedman_decor_peaks_small
D:2:      layout_rooms, hellmonk_ecumenical_altar_crossroads, uniq_jessica,
          uniq_sigmund

Skill      XL: |  1  2 |
---------------+-------+-----
Axes           | 3 |  3.6
Fighting       | |  3.9
Armour         | |  3.6
Dodging        | |  0.1
Stealth        | |  0.1
Shields        | |  3.7

Action                   || total
-------------------------++-------
Melee: War axe           ||    56
Armor: Scale mail        ||    65
Dodge: Dodged            ||    46
Block: Buckler           ||    34

Table legend: (Time is in decaauts)
 A = Elapsed time spent in this place.
 B = Non-inter-level travel time spent in this place.
 C = Inter-level travel time spent in this place.
 D = Time resting spent in this place.
 E = Time spent auto-exploring this place.
 F = Levels seen in this place.
 G = Mean time per level.
                   A        B        C        D        E       F      G
               +--------+--------+--------+--------+--------+-----+--------+
         Total |   1076 |   1052 |     24 |      0 |    217 |   2 |  538.0 |
       Dungeon |   1076 |   1052 |     24 |      0 |    217 |   2 |  538.0 |
               +--------+--------+--------+--------+--------+-----+--------+

Top non-repeatable levels by time:
     D:1: 1053 daAuts
     D:2: 23 daAuts
